 Dungeon Crawl Stone Soup version 0.27.0-1-g7a089689b8 (webtiles) character file.

Game seed: 11002028470816089499

2194 SnakkuSnakku7 the Basher (level 9, -1/80 (84) HPs)
             Began as an Ogre Delver on Aug 6, 2021.
             Slain by a wight (22 damage)
             ... on level 7 of the Dungeon.
             The game lasted 00:12:28 (7318 turns).

SnakkuSnakku7 the Basher (Ogre Delver)              Turns: 7318, Time: 00:12:29

HP:   -1/80 (84)    AC:  4    Str: 20    XL:     9   Next: 34%
MP:   18/18         EV: 10    Int: 11    God:
Gold: 386           SH:  0    Dex: 11    Spells: 8/8 levels left

rFire    . . .     SeeInvis .   a - +1 giant club
rCold    . . .     Faith    .   (shield currently unavailable)
rNeg     . . .     Spirit   .   s - +1 robe of Sif Muna's Whim {MP+9 Stlth+}
rPois    .         Reflect  .   (helmet restricted)
rElec    .         Harm     .   (no cloak)
rCorr    +         Rampage  .   (gloves unavailable)
Will     .....                  (boots unavailable)
Stlth    +++.......             (no amulet)
HPRegen  0.23/turn              x - ring of resist corrosion
MPRegen  0.16/turn              (no ring)

@: lightly drained
A: large, unfitting armour, tough skin 1
a: no special abilities


You were on level 7 of the Dungeon.
You visited 1 branch of the dungeon, and saw 7 of its levels.
You also visited: Ossuary.

You collected 386 gold pieces.

Inventory:

Hand Weapons
 a - a +1 giant club (weapon)
Missiles
 j - a throwing net (quivered)
 p - a poisoned dart
Armour
 s - the +1 robe of Sif Muna's Whim (worn) {MP+9 Stlth+}
   (You found it on level 4 of the Dungeon)

   MP:        It affects your magic capacity (+9).
   Stlth:     It makes you more stealthy.
Jewellery
 h - a ring of wizardry
 x - a ring of resist corrosion (left hand)
Wands
 g - a wand of digging (3)
 i - a wand of flame (9)
 n - a wand of polymorph (1)
Scrolls
 c - a scroll of fog
 d - 2 scrolls of magic mapping
 e - 4 scrolls of teleportation
 l - 2 scrolls of fear
 m - a scroll of blinking
 A - a scroll of immolation
Potions
 b - 2 potions of resistance
 f - 3 potions of haste
 k - 2 potions of lignification
 o - a potion of magic {unknown}
 q - a potion of mutation {unknown}
 r - 2 potions of attraction
 t - a potion of flight {unknown}
 u - a potion of might {unknown}
 v - 2 potions of invisibility
 w - 4 potions of curing {unknown}
 z - 2 potions of heal wounds {unknown}


   Skills:
 - Level 4.0 Fighting
 + Level 11.1 Maces & Flails
 - Level 1.7 Dodging
 - Level 3.7 Stealth


You had 8 spell levels left.
You didn't know any spells.
Your spell library contained the following spells:

 Spells                   Type           Power      Damage    Failure   Level
 Animate Skeleton         Necr           0%         N/A       34%         1
 Apportation              Tloc           0%         N/A       34%         1
 Corona                   Hex            0%         N/A       34%         1
 Foxfire                  Conj/Fire      0%         2x1d4     34%         1
 Summon Small Mammal      Summ           0%         N/A       34%         1
 Fireball                 Conj/Fire      0%         3d3       100%        5
 Storm Form               Tmut/Air       0%         N/A       100%        7
 Borgnjor's Revivificati  Necr           0%         N/A       100%        8
 Necromutation            Tmut/Necr      0%         N/A       100%        8
 Death's Door             Necr           0%         N/A       100%        9


Dungeon Overview and Level Annotations

Branches:
Dungeon (7/15)             Temple (0/1) D:5         Ossuary (visited)

Altars:
Nemelex Xobeh
Okawaru
Ru
Sif Muna
Vehumet
Xom

Shops:
D:4 =   D:5 (   D:6 [

Portals:
Bailey: D:7

Annotations:
D:6 fly robe


Innate Abilities, Weirdness & Mutations

You are too large for most types of armour.
You have tough skin. (AC +1)


Message History

The goblin is moderately wounded.
The goblin barely misses you.
You closely miss the goblin.
The goblin is moderately wounded.
The goblin hits you.
You barely miss the goblin.
The goblin is moderately wounded.
The goblin hits you but does no damage.
You barely miss the goblin.
The goblin is moderately wounded.
The goblin closely misses you.
You barely miss the goblin.
The goblin is moderately wounded.
The goblin hits you.
You sock the goblin!
You kill the goblin!
You hit the wight.
The wight is lightly damaged.
The wight hits you with a +5 battleaxe!
You closely miss the wight.
The wight is lightly damaged.
The wight completely misses you.
You barely miss the wight.
The wight is lightly damaged.
The wight hits you with a +5 battleaxe!
You feel drained.
You closely miss the wight.
The wight is lightly damaged.
The wight hits you with a +5 battleaxe!
You feel drained.
You closely miss the wight.
The wight is lightly damaged.
You hear the steady creaking of a portcullis nearby.
The wight hits you with a +5 battleaxe!
* * * LOW HITPOINT WARNING * * *
You hit the wight.
The wight is heavily damaged.
The wight closely misses you.
You hit the wight.
The wight is severely damaged.
The wight hits you with a +5 battleaxe!!
You die...

,,,,* ≈≈≈,** >.≈..*
∩g≈..#* .z≈..>*
≈≈≈.#.### *####*
.....g..# *...,*
#.......# #########.#*,*
......g.# #...gz@...#*,*
#...z...###.#########*,*
#...z.....#........,,,,*
#.......#.#.#######*****
#.......#.g.#
#.......###.#######**
######### #........,*
####.#######,* #.....#
*,*


You could see a wight and a goblin.

Vanquished Creatures
  Grinder (D:5)
  Sigmund (D:3)
  2 water moccasins
  A sky beast (D:6)
  A hornet zombie (D:5)
  An orc warrior (D:6)
  A necrophage (D:6)
  An ogre (D:4)
  Blork the orc (D:6)
  A gnoll sergeant (D:5)
  3 scorpions
  5 water moccasin zombies
  2 howler monkeys
  A bullfrog zombie (D:5)
  An orc priest (D:3)
  2 hounds (D:6)
  3 iguanas
  2 orc wizards (D:6)
  A scorpion zombie (D:5)
  A killer bee zombie (D:5)
  2 mummies (Ossuary)
  3 gnolls
  3 adders
  A howler monkey skeleton (D:6)
  A white imp (D:7)
  2 ufetubi
  4 adder zombies (Ossuary)
  An adder skeleton (D:4)
  A worm (D:2)
  3 dart slugs
  6 orcs
  8 ball pythons
  9 endoplasms
  2 giant cockroaches
  10 goblins
  2 hobgoblins
  3 jackals (D:1)
  9 kobolds
  2 quokkas (D:1)
  6 bats
  6 frilled lizards
  4 gnoll zombies (Ossuary)
  9 hobgoblin zombies (Ossuary)
  3 kobold zombies (Ossuary)
  An orc zombie (Ossuary)
  3 rats (D:1)
  A spectral goblin (D:2)
137 creatures vanquished.

Vanquished Creatures (others)
  6 plants (D:5)
6 creatures vanquished.

Grand Total: 143 creatures vanquished

Notes
Turn   | Place    | Note
-------+----------+-------------------------------------------
     0 | D:5      | SnakkuSnakku7 the Ogre Delver began the quest for the Orb.
     0 | D:5      | Reached XP level 1. HP: 24/24 MP: 1/1
    33 | D:4      | Found Egamiorph's Jewellery Emporium.
    52 | D:3      | Noticed an orc priest
   196 | D:1      | Reached skill level 2 in Maces & Flails
   316 | D:1      | Reached XP level 2. HP: 32/32 MP: 2/2
   460 | D:1      | Reached skill level 3 in Maces & Flails
   470 | D:1      | Reached XP level 3. HP: 29/39 MP: 3/3
  1066 | D:2      | Found an iron altar of Okawaru.
  1551 | D:3      | Noticed Sigmund
  1992 | D:3      | Found a faded altar of an unknown god.
  1993 | D:3      | Got the Reference Book on Ignition and Air
  2015 | D:3      | Killed Sigmund
  2016 | D:3      | Reached skill level 5 in Maces & Flails
  2016 | D:3      | Reached XP level 4. HP: 36/48 MP: 4/4
  2016 | D:3      | Reached XP level 5. HP: 40/54 MP: 5/5
  2275 | D:3      | Reached XP level 6. HP: 30/62 MP: 6/6
  2645 | D:4      | Reached skill level 6 in Maces & Flails
  2799 | D:4      | Identified the +1 robe of Sif Muna's Whim {MP+9 Stlth+}
  3549 | D:5      | Noticed a water moccasin
  3555 | D:4      | Reached XP level 7. HP: 65/70 MP: 7/7
  3608 | D:5      | Found Kisioteo's Antique Weapon Shoppe.
  3630 | D:5      | Reached skill level 7 in Maces & Flails
  4081 | D:5      | Noticed Grinder
  4693 | D:5      | Paralysed by Grinder for 4 turns
  4701 | D:5      | Paralysed by Grinder for 7 turns
  4711 | D:5      | Killed Grinder
  4712 | D:5      | Reached skill level 8 in Maces & Flails
  4712 | D:5      | Reached XP level 8. HP: 78/78 MP: 8/8
  4836 | D:5      | Reached skill level 9 in Maces & Flails
  5023 | D:5      | Found a sparkling altar of Nemelex Xobeh.
  5023 | D:5      | Found a shimmering altar of Xom.
  5254 | D:5      | Found a sacrificial altar of Ru.
  5292 | D:5      | Found a staircase to the Ecumenical Temple.
  5541 | D:6      | Found a sand-covered staircase.
  5546 | Ossuary  | Entered an ossuary
  5667 | Ossuary  | Reached skill level 10 in Maces & Flails
  5746 | D:6      | Reached XP level 9. HP: 56/84 MP: 9/9
  5761 | D:6      | Found a radiant altar of Vehumet.
  6062 | D:6      | Noticed Blork the orc
  6073 | D:6      | Killed Blork the orc
  6083 | D:6      | Found a shimmering blue altar of Sif Muna.
  6350 | D:6      | Reached skill level 11 in Maces & Flails
  6589 | D:6      | Found Piluss's Antique Armour Shop.
  7289 | D:7      | Found a flagged portal.
  7318 | D:7      | Slain by a wight

Illustrated notes

Levels and vault maps discovered:
D:1:      heliophobic_arrival_glass_houses, layout_basic, skrybe_limestone_x
D:2:      layout_loops_ring, basic_altar, minmay_misc_feat_nine_boxes,
          kennysheep_generic_room_12
D:3:      layout_rooms, dreamdust_ecumenical_altar_drowned_temple,
          kennysheep_nondescript, uniq_sigmund
D:4:      layout_cave_pools, serial_shops, nicolae_stop_n_shop_1,
          kennysheep_opposing_triangles
D:5:      layout_layer_cave, nicolae_ru_the_path_less_chosen,
          gammafunk_temple_overflow_elements, minmay_temple_entry_grid,
          serial_shops, nicolae_shop_overgrown_old_shop, uniq_grinder
D:6:      layout_basic, general_overflow_altar, tgw_sif, serial_shops, shop,
          nicolae_ossuary_entry_false_entrances
D:7:      layout_basic, enter_bailey_5

Skill      XL: |  1  2  3  4  5  6  7  8  9 |
---------------+----------------------------+-----
Maces & Flails | 2 3 5 6 8 10 11 | 11.1
Fighting       | |  4.0
Dodging        | |  1.7
Stealth        | |  3.7

Action                   |  1- 3 |  4- 6 |  7- 9 || total
-------------------------+-------+-------+-------++-------
Melee: Mace              |   123 |     4 |       ||   127
       Unarmed           |    11 |       |       ||    11
       Flail             |       |    38 |       ||    38
       Great mace        |       |    43 |       ||    43
       Giant club        |       |     3 |   263 ||   266
Throw: Throwing net      |     1 |       |       ||     1
       Dart              |       |       |     5 ||     5
Evoke: Wand              |     4 |     7 |    11 ||    22
  Use: Scroll            |     1 |     3 |    10 ||    14
       Potion            |       |     1 |     1 ||     2
 Stab: Sleeping          |     5 |     2 |     9 ||    16
Armor: Robe              |    40 |    35 |    78 ||   153
       Skin              |     4 |     8 |    17 ||    29
Dodge: Dodged            |    82 |    52 |   123 ||   257
